 Dungeon Crawl Stone Soup version 0.28-a0-769-g550dbda0cd (webtiles) character file.

Game seed: 4068257728062070879

274142 shoop the Necromancer (level 20, 0/97 HPs)
             Began as a Vine Stalker Summoner on Oct 31, 2021.
             Was the Champion of Sif Muna.
             Slain by a peacekeeper (17 damage)
             ... on level 2 of the Vaults on Nov 27, 2021.
             The game lasted 04:14:54 (36365 turns).

shoop the Necromancer (Vine Stalker Summoner)      Turns: 36365, Time: 04:14:55

Health: 0/97       AC:  7    Str: 20    XL:     20   Next: 71%
Magic:  0/48       EV: 21    Int: 27    God:    Sif Muna [******]
Gold:   3222       SH:  7    Dex: 28    Spells: 4/47 levels left

rFire   . . .      SeeInvis .   a - +2 rapier (elec)
rCold   . . .      Faith    .   D - +0 buckler
rNeg    + . .      Spirit   +   z - +1 leather armour of Dim Light {Fly Int+4 Dex+6}
rPois   +          Reflect  .   g - +1 helmet "Alamohiu" {MP+9 Str+7}
rElec   .          Harm     .   P - scarf {repulsion}
rCorr   .          Rampage  .   r - +0 pair of gloves
Will    ++...                   y - +2 pair of boots
Stlth   ++++......              V - amulet of the Good {Regen+ Int+2}
HPRegen 2.26/turn               Q - ring of poison resistance
MPRegen 0.31/turn               X - ring "Ubush" {rN+ Dex+6 Slay+2}

@: corroded, flying, very slightly contaminated, repel missiles
A: fangs 3, regeneration 1, magic shield, antimagic bite, no potion heal 2
}: 1/15 runes: decaying
a: Renounce Religion, Channel Magic, Forget Spell, Divine Exegesis


You were on level 2 of the Vaults.
You worshipped Sif Muna.
Sif Muna was exalted by your worship.
You visited 7 branches of the dungeon, and saw 34 of its levels.
You also visited: Ice Cave.

You collected 3636 gold pieces.
You spent 414 gold pieces at shops.

Inventory:

Hand Weapons
 a - a +2 rapier of electrocution (weapon)
Armour
 g - the +1 helmet "Alamohiu" (worn) {MP+9 Str+7}
   (You found it in an ice cave)

   Str:       It affects your strength (+7).
   MP:        It affects your magic capacity (+9).
 r - a +0 pair of gloves (worn)
 y - a +2 pair of boots (worn)
 z - the +1 leather armour of Dim Light (worn) {Fly Int+4 Dex+6}
   (You found it on level 5 of the Dungeon)

   Int:       It affects your intelligence (+4).
   Dex:       It affects your dexterity (+6).
   Fly:       It grants you flight.
 D - a +0 buckler (worn)
 P - a scarf of repulsion (worn)
 R - a +1 kite shield of cold resistance
 Y - +1 shadow dragon scales
Jewellery
 f - a +4 ring of protection
 t - the amulet of Cyow {Spirit rF+ rN+ Slay+5}
   (You found it on level 4 of the Swamp)

   [amulet of guardian spirit]

   It causes incoming damage to be divided between your reserves of health and
   magic.
   Slay:      It affects your accuracy & damage with ranged weapons and melee
   (+5).
   rF:        It protects you from fire.
   rN:        It protects you from negative energy.
 Q - a ring of poison resistance (left hand)
 S - an amulet of the acrobat
 T - a ring of protection from cold
 V - the amulet of the Good (around neck) {Regen+ Int+2}
   (You found it on level 3 of the Swamp)

   [amulet of regeneration]

   Int:       It affects your intelligence (+2).
   Regen:     It increases your rate of health regeneration.
 X - the ring "Ubush" (right hand) {rN+ Dex+6 Slay+2}
   (You found it on level 9 of the Dungeon)

   [ring of dexterity]

   Dex:       It affects your dexterity (+6).
   Slay:      It affects your accuracy & damage with ranged weapons and melee
   (+2).
   rN:        It protects you from negative energy.
Wands
 q - a wand of iceblast (33)
 s - a wand of polymorph (28)
 B - a wand of paralysis (7)
 H - a wand of mindburst (32)
 M - a wand of charming (18)
Scrolls
 i - 3 scrolls of torment
 j - 5 scrolls of teleportation
 l - a scroll of blinking
 o - 5 scrolls of vulnerability
 u - 9 scrolls of fear
 v - 6 scrolls of identify
 x - 2 scrolls of summoning
 E - 4 scrolls of enchant weapon
 F - 6 scrolls of amnesia
 I - 4 scrolls of fog
 J - 3 scrolls of holy word
 K - 10 scrolls of enchant armour
 O - 4 scrolls of immolation
 U - 4 scrolls of magic mapping
Potions
 b - 4 potions of flight
 c - 8 potions of berserk rage
 d - 2 potions of brilliance
 e - 3 potions of mutation
 h - 4 potions of magic
 k - 4 potions of ambrosia
 m - 5 potions of attraction
 p - 13 potions of curing
 w - 3 potions of resistance
 A - 2 potions of cancellation
 C - 2 potions of haste
 G - 7 potions of lignification
 L - 9 potions of might
 N - a potion of invisibility
Miscellaneous
 Z - a phial of floods


   Skills:
 + Level 7.5 Fighting
 - Level 12.5 Short Blades
 - Level 5.0 Armour
 - Level 9.5 Dodging
 - Level 7.0 Stealth
 + Level 4.9 Shields
 - Level 14.0 Spellcasting
 - Level 13.0 Summonings
 - Level 18.0 Necromancy
 - Level 5.0 Translocations
 - Level 2.0 Transmutations
 - Level 3.0 Air Magic
 - Level 2.0 Earth Magic
 - Level 13.0 Invocations
 + Level 4.1 Evocations


You had 4 spell levels left.
You knew the following spells:

 Your Spells              Type           Power      Damage    Failure   Level
a - Death Channel         Necr           43%        N/A       1%          6
b - Blink                 Tloc           90%        N/A       1%          2
c - Call Canine Familiar  Summ           73%        N/A       1%          3
d - Summon Cactus Giant   Summ           36%        N/A       2%          6
e - Passage of Golubria   Tloc           45%        N/A       4%          4
f - Summon Small Mammal   Summ           100%       N/A       0%          1
h - Haunt                 Necr/Summ      40%        N/A       4%          7
l - Death's Door          Necr           43%        N/A       90%         9
p - Passwall              Tmut/Erth      24%        N/A       2%          2
s - Swiftness             Air            35%        N/A       2%          3

Your spell library contained the following spells:

 Spells                   Type           Power      Damage    Failure   Level
 Animate Skeleton         Necr           100%       N/A       0%          1
 Pain                     Necr           100%       1d9       0%          1
 Sublimation of Blood     Necr           43%        N/A       0%          2
 Vampiric Draining        Necr           43%        2d12      0%          3
 Sandblast                Erth           58%        2d13      1%          1
 Shock                    Conj/Air       100%       1d9       1%          1
 Call Imp                 Summ           73%        N/A       1%          2
 Corpse Rot               Necr/Air       100%       N/A       1%          2
 Gell's Gravitas          Tloc           22%        N/A       1%          3
 Lesser Beckoning         Tloc           45%        N/A       1%          3
 Summon Guardian Golem    Hex/Summ       52%        N/A       1%          3
 Animate Dead             Necr           43%        N/A       1%          4
 Dispel Undead            Necr           86%        3d28      1%          4
 Summon Lightning Spire   Summ/Air       58%        N/A       1%          4
 Poisonous Vapours        Pois/Air       54%        N/A       2%          2
 Static Discharge         Conj/Air       27%        N/A       2%          2
 Summon Ice Beast         Ice/Summ       52%        N/A       2%          4
 Magic Dart               Conj           72%        1d6       3%          1
 Scorch                   Fire           36%        2d6       4%          2
 Searing Ray              Conj           36%        2d5       4%          2
 Mephitic Cloud           Conj/Pois/Air  24%        N/A       6%          3
 Spider Form              Tmut/Pois      12%        N/A       6%          3
 Stone Arrow              Conj/Erth      48%        3d10      6%          3
 Confusing Touch          Hex            18%        N/A       10%         3
 Dazzling Flash           Conj/Hex       36%        N/A       10%         3
 Tukima's Dance           Hex            18%        N/A       10%         3
 Airstrike                Air            17%        N/A       10%         4
 Iskenderun's Mystic Bla  Conj/Tloc      32%        2d8       12%         4
 Petrify                  Tmut/Erth      29%        N/A       14%         4
 Ice Form                 Ice/Tmut       24%        N/A       22%         4
 Leda's Liquefaction      Hex/Erth       12%        N/A       22%         4
 Flame Wave               Conj/Fire      18%        3d5       32%         4
 Fulminant Prism          Conj/Hex       9%         3d7       32%         4
 Hailstorm                Conj/Ice       18%        3d6       32%         4
 Sticky Flame             Conj/Fire      18%        2d4       32%         4
 Agony                    Necr           86%        N/A       1%          5
 Excruciating Wounds      Necr           43%        N/A       1%          5
 Summon Forest            Summ/Tloc      30%        N/A       2%          5
 Summon Mana Viper        Hex/Summ       52%        N/A       6%          5
 Manifold Assault         Tloc           45%        N/A       12%         5
 Simulacrum               Ice/Necr       30%        N/A       12%         6
 Monstrous Menagerie      Summ           36%        N/A       13%         7
 Summon Hydra             Summ           36%        N/A       13%         7
 Borgnjor's Revivificati  Necr           43%        N/A       13%         8
 Infestation              Necr           43%        N/A       13%         8
 Lee's Rapid Deconstruct  Erth           14%        3d10*     36%         5
 Lightning Bolt           Conj/Air       13%        1d27      43%         5
 Alistair's Intoxication  Tmut/Pois      16%        N/A       52%         5
 Irradiate                Conj/Tmut      12%        3d18      52%         5
 Yara's Violent Unravell  Hex/Tmut       12%        3d7       52%         5
 Fireball                 Conj/Fire      9%         3d6       65%         5
 Summon Horrible Things   Summ           36%        N/A       71%         8
 Spellforged Servitor     Conj/Summ      26%        N/A       88%         7
 Conjure Ball Lightning   Conj/Air       13%        3x3d6     95%         6
 Eringya's Noxious Bog    Tmut/Pois      12%        N/A       97%         6
 Necromutation            Tmut/Necr      32%        N/A       98%         8
 Invisibility             Hex            9%         N/A       99%         6
 Starburst                Conj/Fire      9%         6d5       99%         6
 Orb of Destruction       Conj           9%         9d4       100%        7
 Ozocubu's Refrigeration  Ice            9%         4d6       100%        7
 Lehudib's Crystal Spear  Conj/Erth      12%        10d4      100%        8
 Maxwell's Capacitive Co  Air            17%        ∞         100%        8
 Chain Lightning          Conj/Air       13%        3d18      100%        9


Dungeon Overview and Level Annotations

Branches:
Dungeon (15/15)            Temple (1/1) D:7            Lair (6/6) D:9
  Swamp (4/4) Lair:3       Spider (4/4) Lair:3        Slime (0/5) Lair:5
    Orc (2/2) D:10            Elf (0/3) Orc:2        Vaults (2/5) D:13
  IceCv (visited)
  Crypt: Vaults:2-3  Depths: D:15

Altars:
Ashenzari
Dithmenos
Elyvilon
Hepliaklqana
Kikubaaqudgha
Makhleb
Nemelex Xobeh
Qazlal
Ru
Sif Muna
Trog
Wu Jian
Beogh

Shops:
D:2 :[([   D:4 :   D:10 !   Orc:1 ?*[   Orc:2 [=([

Annotations:
D:3 1 runed translucent door, avis's ghost, amateur DjWr
Lair:2 exclusions: bullfrog, catoblepas and 2 hydras, Gastronok
Lair:4 Rupert
Lair:5 exclusion: ice statue
Lair:6 exclusions: obsidian statue and oklob plant
Spider:2 exclusion: spark wasp


Innate Abilities, Weirdness & Mutations

You have razor-sharp teeth.
Your natural rate of healing is unusually fast.
When hurt, damage is shared between your health and your magic reserves.
Your bite disrupts and absorbs the magic of your enemies.
Potions cannot restore your health.


Message History

The war gargoyle is heavily damaged.
You hit the war gargoyle but do no damage.
You bite the war gargoyle, but do no damage.
The war gargoyle is heavily damaged.
The peacekeeper bites your wraith! The peacekeeper claws your wraith.
The war gargoyle completely misses you.
Your wraith hits the peacekeeper but does no damage.
Your wraith hits the peacekeeper!
Your wraith hits the peacekeeper but does no damage.
You hit the war gargoyle but do no damage.
You bite the war gargoyle, but do no damage.
The war gargoyle is heavily damaged.
The peacekeeper bites your wraith! The peacekeeper claws your wraith.
Your wraith is destroyed!
Your wraith disappears in a puff of smoke!
Your warg bites the war gargoyle.
You hit the war gargoyle but do no damage.
You bite the war gargoyle, but do no damage.
The war gargoyle is heavily damaged.
Your wraith disappears in a puff of smoke! x2
The war gargoyle hits you with a +0 flail of protection!!
* * * LOW HITPOINT WARNING * * *
Your warg bites the war gargoyle!
Unknown command.
Casting: Haunt (dangerous; 4% risk of failure)
Confirm with . or Enter, or press ? or * to list all spells.
Okay, then.
Unknown command.
You hit the war gargoyle. Your bite misses the war gargoyle.
The war gargoyle is almost destroyed.
You hit the war gargoyle but do no damage.
You bite the war gargoyle!
You destroy the war gargoyle!
Sif Muna accepts your kill. The peacekeeper barely misses you.
The peacekeeper completely misses you.
You hit the peacekeeper.
You bite the peacekeeper, but do no damage.
The peacekeeper is moderately damaged.
The peacekeeper bites you!!
You die...

... #.....B $...
#..'..#..#.
..p.#...... ...
#..########
....#....9. .. #..#
#...#...... . #..#
#...... #..#
#......############..#
#......†.†C§.........#
#'######...9.........+
# .... #...h@........#
#####.....
#...####+#...
....#..... #...#
....#......#...#
((..#......#...#
.(..#......'...#
....########...#####
.....[..............
...(................


You could see a peacekeeper (ally target), a friendly cactus giant (summoned,
extremely poisoned) and a friendly warg (summoned).

Vanquished Creatures
  2 vault wardens (Vaults:2)
  A very ugly thing (Vaults:2)
  5 ironbound preservers
  A war gargoyle (Vaults:2)
  3 entropy weavers
  2 eleionomae (Swamp:3)
  3 bunyips
  3 yaktaur captains
  4 vault guards
  Fannar (D:12)
  An ice dragon (Swamp:4)
  An ironbound thunderhulk (Vaults:1)
  3 hydras
  A boulder beetle (D:14)
  2 ghost crabs
  3 ironbound frosthearts (Vaults:2)
  An alligator (Swamp:4)
  4 two-headed ogres
  3 centaur warriors
  3 death yaks
  Sonja (Lair:3)
  A spectral death yak (Lair:6)
  A goliath frog (Swamp:2)
  A swamp dragon (Swamp:1)
  5 bog bodies
  A spriggan druid (Swamp:4)
  2 obsidian statues (IceCv)
  11 deep trolls
  3 wizards
  4 ironbound convokers
  3 deep elf pyromancers
  An ugly thing (Vaults:1)
  6 wolf spiders
  3 orb spiders
  A manticore (D:13)
  A necromancer (Vaults:1)
  A deep elf zephyrmancer (D:10)
  5 cyclopes
  A stone giant skeleton (Vaults:1)
  2 moths of wrath (Spider:3)
  3 elephants (Lair:6)
  6 vault sentinels
  A centaur zombie (D:11)
  A black mamba (Lair:1)
  2 gargoyles (D:11)
  An unseen horror (D:11)
  5 cane toads
  7 nameless horrors
  A yaktaur zombie (Vaults:1)
  2 demonic crawlers (Spider:3)
  A freezing wraith (IceCv)
  4 komodo dragons
  A yaktaur (D:13)
  A rime drake (Lair:5)
  A yaktaur skeleton (Vaults:1)
  3 trolls
  4 tyrant leeches
  2 polar bears (Lair:5)
  10 jumping spiders
  A meliai (Spider:3)
  3 hornets
  8 blink frogs
  5 slime creatures
  2 water elementals
  2 spriggans
  A vampire (D:11)
  An elf zombie (Vaults:2)
  6 tarantellas
  22 redbacks
  12 yaks
  11 humans (D:13)
  A death yak simulacrum (Lair:6)
  3 swamp worms
  A hydra simulacrum (Swamp:4)
  A warg (Orc:1)
  An acid dragon (D:12)
  3 water moccasins
  6 orc warriors
  2 sky beasts (D:5)
  3 necrophages
  3 boggarts
  2 wolves (Lair:5)
  7 ogres
  8 centaurs
  A phantom (D:5)
  An elephant skeleton (Lair:6)
  6 bullfrogs
  A scorpion (D:5)
  A wyvern zombie (D:6)
  5 killer bees
  A howler monkey (D:9)
  2 jellies
  A gnoll shaman (D:5)
  8 orc priests
  3 iguanas
  9 orc wizards
  2 hell rats (Lair:6)
  2 howler monkey zombies
  4 gnolls
  6 adders
  A shadow imp (D:5)
  A white imp (D:5)
  3 worms
  25 orcs
  2 bats
  3 endoplasms (D:2)
  2 giant cockroaches
  9 goblins
  3 hobgoblins
  2 jackals (D:2)
  4 quokkas
  8 ball pythons
  14 kobolds
  5 rats
407 creatures vanquished.

Vanquished Creatures (collateral kills)
  Nikola (Swamp:4)
  Arachne (Spider:3)
  An Ice Fiend (IceCv)
  2 tentacled monstrosities (Swamp:3)
  Asterion (Vaults:1)
  Frances (D:13)
  A thorn hunter (Swamp:3)
  A fenstrider witch (Swamp:3)
  2 emperor scorpions
  2 ghost moths (Spider:3)
  Aizul (Spider:3)
  2 vault wardens
  A ghoul (Swamp:2)
  An ironbound preserver (Vaults:1)
  A very ugly thing (Vaults:2)
  A war gargoyle (Vaults:1)
  6 entropy weavers
  2 bunyips (Swamp:3)
  4 dire elephants (Lair:6)
  Snorg (Lair:3)
  A spark wasp (Spider:3)
  3 ettins
  An eleionoma (Swamp:3)
  The ghost of Hypnoxylon the Frost Mage, a journeyman MfIE of Hepliaklqana (Lair:3)
  8 boulder beetles
  16 hydras
  The ghost of Foferoat the Covert, a journeyman GnDe of Dithmenos (Lair:1)
  2 ice dragons
  5 ogre magi
  A vault guard (Vaults:1)
  A peacekeeper (Vaults:1)
  2 ironbound frosthearts
  A ghost crab (Swamp:3)
  6 centaur warriors
  A death knight (D:12)
  10 death yaks
  16 two-headed ogres
  A catoblepas (Lair:5)
  Erica (Lair:1)
  8 alligators
  2 tengu warriors
  6 spriggans
  3 goliath frogs
  2 swamp dragons (Swamp:3)
  A spectral anaconda (Lair:6)
  3 wizards
  8 bog bodies
  11 deep trolls
  A spriggan druid (Swamp:3)
  3 lindwurms (Vaults:1)
  4 deep elf pyromancers
  5 necromancers
  19 ugly things
  A stone giant zombie (Vaults:2)
  2 manticores
  4 cyclopes
  3 orb spiders
  23 wolf spiders
  2 will-o-the-wisps (Swamp:4)
  10 elephants (Lair:6)
  A tengu skeleton (Vaults:1)
  A moth of wrath (Spider:3)
  Maurice (D:8)
  A vault sentinel (Vaults:2)
  7 black mambas
  A torpor snail (Lair:5)
  A gargoyle (D:11)
  Maggie (D:6)
  8 cane toads
  4 komodo dragons
  3 rime drakes
  4 unseen horrors
  2 efreet (D:11)
  3 ice devils
  4 kobold demonologists
  6 demonic crawlers
  A tengu conjurer (D:14)
  6 freezing wraiths
  An anaconda simulacrum (IceCv)
  9 trolls
  3 polar bears
  A wolf spider simulacrum (D:15)
  An entropy weaver simulacrum (Lair:5)
  A jumping spider (shapeshifter) (D:9)
  A bloated husk (Swamp:3)
  7 tyrant leeches
  20 jumping spiders
  11 hornets
  15 slime creatures
  An ettin zombie (Vaults:1)
  A fire giant simulacrum (Vaults:2)
  25 blink frogs
  2 centaur simulacra (D:15)
  A meliai zombie (D:11)
  A shadow (D:11)
  45 redbacks
  A vampire (D:13)
  3 wyverns
  43 yaks
  2 wraiths
  13 tarantellas
  3 humans (D:13)
  6 basilisks
  5 swamp worm simulacra (Swamp:4)
  A warg (D:10)
  A minotaur simulacrum (IceCv)
  A death yak simulacrum (Lair:6)
  8 swamp worms
  14 vampire mosquitoes
  3 acid dragons
  14 hydra simulacra
  8 water moccasins
  An elephant zombie (Lair:6)
  7 orc warriors
  17 ogres
  2 necrophages (Swamp:1)
  2 black bears
  5 centaurs
  A boggart (Vaults:1)
  22 wolves
  A human zombie (Vaults:2)
  4 kobold brigands
  7 bullfrogs
  4 scorpions
  A gnoll sergeant (D:10)
  A deep troll simulacrum (IceCv)
  A water moccasin zombie (D:6)
  A cane toad simulacrum (Lair:5)
  A human simulacrum (Vaults:2)
  2 elephant simulacra
  A lindwurm simulacrum (IceCv)
  A wight (D:8)
  3 killer bees
  2 howler monkeys (D:11)
  An electric eel (D:13)
  3 nameless horrors
  A bullfrog zombie (D:6)
  2 hounds (D:6)
  5 centaur zombies
  5 orc priests
  3 jellies
  5 hell rats (Lair:6)
  8 orc wizards
  A troll simulacrum (Lair:5)
  2 hound zombies (D:5)
  A hound skeleton (D:4)
  A howler monkey zombie (D:11)
  8 gnolls
  3 adders
  A howler monkey skeleton (D:5)
  2 white imps
  An ufetubus (D:6)
  3 swamp drake simulacra (Swamp:4)
  29 orcs
  5 endoplasms
  3 goblins
  4 hobgoblins
  2 jackals (D:2)
  9 kobolds
  A ball python (D:2)
  3 bats
  A frilled lizard (D:1)
759 creatures vanquished.

Vanquished Creatures (others)
  An ice dragon (Swamp:4)
  2 wizards
  A centaur zombie (D:11)
  A tyrant leech (Swamp:4)
  A centaur simulacrum (D:11)
  A vampire (D:10)
  A wraith (D:11)
  2 humans (D:13)
  2 orc wizards
  A white imp (Lair:5)
  An orc (D:11)
  2 bushes (Lair:6)
  6 foxfires (Swamp:4)
  53 fungi
  64 plants
  31 withered plants
170 creatures vanquished.

Grand Total: 1336 creatures vanquished

Notes
Turn   | Place    | Note
-------+----------+-------------------------------------------
     0 | D:1      | shoop the Vine Stalker Summoner began the quest for the
                  | Orb.
     0 | D:1      | Reached XP level 1. HP: 9/9 MP: 4/4
   294 | D:1      | Reached XP level 2. HP: 14/14 MP: 3/6
   296 | D:1      | Reached skill level 1 in Fighting
   917 | D:1      | Found a faded altar of an unknown god.
  1350 | D:2      | Reached skill level 1 in Short Blades
  1350 | D:2      | Reached XP level 3. HP: 16/18 MP: 7/7
  1408 | D:2      | Learned a level 3 spell: Call Canine Familiar
  1954 | D:2      | Found Zasotuh's Book Boutique.
  2089 | D:2      | Found Budwiness's Armour Emporium.
  2139 | D:2      | Found Zaggar's Weapon Shoppe.
  2184 | D:2      | Found Vuvine's Antique Armour Shoppe.
  2247 | D:2      | Gained mutation: Your natural rate of healing is unusually
                  | fast. [Vine Stalker growth]
  2247 | D:2      | Reached XP level 4. HP: 22/22 MP: 4/8
  2671 | D:3      | Noticed an ogre
  2682 | D:3      | Killed an ogre
  2683 | D:3      | Reached XP level 5. HP: 15/25 MP: 2/10
  2840 | D:3      | Reached skill level 5 in Summonings
  2840 | D:3      | Reached XP level 6. HP: 26/30 MP: 5/12
  3049 | D:3      | Found a runed translucent door.
  3409 | D:3      | You fall into a shaft and drop 1 floor!
  3891 | D:4      | Reached skill level 1 in Armour
  4406 | D:3      | Noticed avis's ghost (amateur DjWr)
  4502 | D:2      | Bought a pair of runed boots for 142 gold pieces
  4616 | D:4      | Noticed a necrophage
  4628 | D:4      | Killed a necrophage
  4629 | D:4      | Reached XP level 7. HP: 33/33 MP: 11/14
  4834 | D:4      | Found Fakkos's Book Boutique.
  4962 | D:5      | Entered Level 5 of the Dungeon
  4973 | D:5      | Identified the +1 leather armour of Dim Light {Fly Int+4
                  | Dex+6}
  5393 | D:5      | Reached skill level 1 in Evocations
  5502 | D:5      | Gained mutation: You have razor-sharp teeth. [Vine Stalker
                  | growth]
  5502 | D:5      | Reached XP level 8. HP: 39/39 MP: 15/15
  6088 | D:6      | Reached skill level 1 in Shields
  6088 | D:6      | Reached skill level 5 in Spellcasting
  6234 | D:6      | Reached XP level 9. HP: 44/44 MP: 17/17
  6572 | D:6      | Noticed Maggie
  6615 | D:6      | Killed Maggie
  6724 | D:7      | Found a staircase to the Ecumenical Temple.
  6728 | Temple   | Entered the Ecumenical Temple
  6758 | Temple   | Became a worshipper of Sif Muna the Loreminder
  7038 | D:7      | Reached skill level 5 in Short Blades
  7654 | D:8      | Noticed Maurice
  7859 | D:9      | Noticed a deep elf pyromancer
  7877 | D:8      | Killed Maurice
  7911 | D:8      | Reached XP level 10. HP: 46/49 MP: 21/21
  8276 | D:8      | Reached * piety under Sif Muna
  8318 | D:8      | Reached skill level 1 in Invocations
  8665 | D:9      | Killed a deep elf pyromancer
  8666 | D:9      | Reached skill level 5 in Stealth
  8666 | D:9      | Reached skill level 10 in Summonings
  8681 | D:9      | Noticed a wizard
  8728 | D:9      | Noticed a two-headed ogre
  9247 | D:9      | Found a staircase to the Lair.
  9455 | D:9      | Noticed a boulder beetle
  9520 | D:10     | Entered Level 10 of the Dungeon
  9521 | D:10     | Noticed a deep elf zephyrmancer
  9607 | D:10     | Noticed a kobold demonologist
  9622 | D:10     | Noticed a deep elf pyromancer
  9639 | Lair:1   | Entered Level 1 of the Lair of Beasts
  9759 | Lair:1   | Reached XP level 11. HP: 52/52 MP: 22/22
  9766 | Lair:1   | Learned a level 6 spell: Summon Cactus Giant
  9836 | Lair:1   | You are sucked into a shaft and drop 1 floor!
  9837 | Lair:2   | Noticed a catoblepas
  9919 | Lair:1   | Noticed a nameless horror
  9942 | Lair:1   | Reached skill level 5 in Invocations
 10047 | Lair:1   | Noticed Erica
 10063 | Lair:1   | Killed Erica
 10208 | Lair:1   | Found a transporter.
 10218 | Lair:1   | Found a transporter.
 10234 | Lair:1   | Noticed Foferoat's ghost (journeyman GnDe)
 10326 | Lair:1   | Noticed a five-headed hydra
 10458 | Lair:1   | Killed a nameless horror
 10619 | Lair:1   | Killed a five-headed hydra
 10962 | Lair:2   | Noticed a four-headed hydra
 11050 | Lair:2   | Reached ** piety under Sif Muna
 11169 | Lair:2   | Noticed a seven-headed hydra
 11301 | Lair:2   | Noticed Gastronok
 11320 | Lair:2   | You are sucked into a shaft and drop 2 floors!
 11369 | Lair:4   | Noticed a five-headed hydra
 11460 | Lair:4   | Reached XP level 12. HP: 38/56 MP: 12/25
 11537 | Lair:4   | Noticed Rupert
 11705 | Lair:3   | Noticed Sonja
 11714 | Lair:3   | Found a runed translucent gate.
 11714 | Lair:3   | Noticed a six-headed hydra
 11715 | Lair:3   | Found a runed translucent gate.
 11716 | Lair:3   | Found a runed translucent gate.
 11716 | Lair:3   | Noticed Hypnoxylon's ghost (journeyman MfIE)
 11835 | Lair:3   | Noticed Snorg
 12006 | Lair:3   | Noticed a six-headed hydra
 12022 | Lair:3   | Killed a six-headed hydra
 12065 | Lair:3   | You are sucked into a shaft and drop 3 floors!
 12065 | Lair:6   | Entered Level 6 of the Lair of Beasts
 12065 | Lair:6   | Noticed a dire elephant
 12065 | Lair:6   | Noticed a dire elephant
 12065 | Lair:6   | Noticed a dire elephant
 12065 | Lair:6   | Noticed a dire elephant
 12092 | Lair:6   | Noticed a death yak
 12092 | Lair:6   | Noticed a death yak
 12092 | Lair:6   | Noticed a death yak
 12092 | Lair:6   | Noticed a death yak
 12092 | Lair:6   | Noticed a death yak
 12092 | Lair:6   | Noticed a five-headed hydra
 12174 | Lair:5   | Reached *** piety under Sif Muna
 12384 | Lair:5   | Noticed a five-headed hydra
 12431 | Lair:5   | Found a staircase to the Slime Pits.
 12475 | Lair:5   | Noticed a six-headed hydra
 12504 | Lair:5   | Killed a six-headed hydra
 12505 | Lair:5   | Reached skill level 10 in Spellcasting
 12605 | Lair:5   | Noticed an ice dragon
 12696 | Lair:5   | Killed an ice dragon
 12809 | Lair:5   | Reached skill level 5 in Fighting
 12829 | Lair:5   | Noticed an eight-headed hydra
 12839 | Lair:5   | Killed an eight-headed hydra
 12919 | Lair:5   | Killed a five-headed hydra
 12992 | Lair:5   | Reached XP level 13. HP: 61/65 MP: 28/28
 13853 | Lair:5   | Learned a level 3 spell: Swiftness
 13952 | Lair:6   | Reached skill level 1 in Air Magic
 14175 | Lair:5   | Reached **** piety under Sif Muna
 14223 | Lair:6   | Reached skill level 5 in Dodging
 14778 | Lair:6   | Reached XP level 14. HP: 43/72 MP: 11/29
 15164 | Lair:6   | Reached ***** piety under Sif Muna
 15445 | Lair:6   | Reached skill level 10 in Invocations
 15547 | Lair:6   | Received a gift from Sif Muna
 15548 | Lair:6   | Got Sif Muna's Second Course in Magic {god gift}
 15972 | Lair:6   | Killed a dire elephant
 15993 | Lair:6   | Killed a dire elephant
 16033 | Lair:6   | Killed a dire elephant
 16041 | Lair:6   | Killed a dire elephant
 16482 | Lair:3   | Killed Sonja
 16626 | Lair:3   | Found a staircase to the Swamp.
 16709 | Lair:3   | Found a hole to the Spider Nest.
 16809 | Lair:3   | Killed Snorg
 16959 | Lair:3   | Killed Hypnoxylon's ghost
 17740 | Lair:1   | Reached XP level 15. HP: 75/75 MP: 25/30
 17751 | Lair:1   | Killed Foferoat's ghost
 17770 | Lair:1   | Identified the +0 plate armour of Distant Worlds {rC+}
 17973 | D:10     | Got Ts'ui Pên's Grimoire of Forking Paths
 17980 | D:10     | Got the Almanac of Combed Thunderclap
 18023 | D:10     | Got the Grimoire of Sand
 18096 | D:10     | Received a gift from Sif Muna
 18097 | D:10     | Got Lekotis's Handbook of Shifting Ice {god gift}
 18105 | D:10     | Found a staircase to the Orcish Mines.
 18177 | D:10     | Found a broken altar of Ashenzari.
 18340 | D:9      | Identified the ring "Ubush" {rN+ Dex+6 Slay+2}
 18545 | D:10     | Found Zeufucva's Distillery.
 18570 | D:10     | Bought a potion of attraction for 42 gold pieces
 18570 | D:10     | Bought a potion of might for 56 gold pieces
 18570 | D:10     | Bought a potion of lignification for 42 gold pieces
 18653 | D:11     | Learned a level 7 spell: Haunt
 18660 | D:11     | Reached skill level 1 in Necromancy
 18680 | D:11     | Reached skill level 2 in Necromancy
 18697 | D:11     | Reached skill level 3 in Necromancy
 18890 | D:11     | Reached skill level 4 in Necromancy
 18924 | D:11     | Reached skill level 5 in Necromancy
 19209 | D:11     | Reached skill level 6 in Necromancy
 19434 | D:11     | Identified a scroll of acquirement
 19473 | D:11     | Reached skill level 7 in Necromancy
 19514 | D:11     | Received a gift from Sif Muna
 19828 | D:11     | Reached skill level 8 in Necromancy
 20376 | D:12     | Noticed Fannar
 20404 | D:12     | Killed Fannar
 20460 | D:12     | Reached skill level 9 in Necromancy
 20929 | D:13     | Noticed Frances
 21028 | D:13     | Reached XP level 16. HP: 36/80 MP: 29/31
 21266 | D:14     | Reached skill level 10 in Necromancy
 21616 | D:14     | Received a gift from Sif Muna
 21617 | D:14     | Got Sif Muna's Catalogue of Arcane Weapons {god gift}
 21762 | D:14     | Reached skill level 11 in Necromancy
 22105 | D:14     | Found a sacrificial altar of Ru.
 22378 | D:15     | Entered Level 15 of the Dungeon
 22640 | D:15     | Reached skill level 12 in Necromancy
 22871 | Orc:1    | Entered Level 1 of the Orcish Mines
 22891 | Orc:1    | Found Menaubip's Antique Armour Shop.
 23390 | Orc:1    | Found Ysiw's General Store.
 23399 | Orc:1    | Found Zuthruah's Magic Scroll Emporium.
 23401 | Orc:1    | Bought a scroll of amnesia for 42 gold pieces
 23444 | Orc:1    | Bought a scroll of enchant armour for 90 gold pieces
 23615 | Orc:2    | Entered Level 2 of the Orcish Mines
 24077 | Orc:2    | Received a gift from Sif Muna
 24078 | Orc:2    | Got Sif Muna's Grimoire of Sinister Secrets and Attacks
                  | {god gift}
 24201 | Orc:2    | Reached skill level 13 in Necromancy
 24360 | Orc:2    | Found Vaijeav's Armour Shoppe.
 24366 | Orc:2    | Found Maor Oxe's Jewellery Boutique.
 24423 | Orc:2    | Found Nygur Woyt's Antique Weapon Boutique.
 24423 | Orc:2    | Found Cott's Antique Armour Emporium.
 24559 | Orc:2    | Found a staircase to the Elven Halls.
 24618 | Orc:2    | Found a bloodstained altar of Trog.
 24638 | Orc:2    | Acquired +1 shadow dragon scales
 24667 | Orc:2    | Acquired a staff of death
 24791 | Swamp:1  | Entered Level 1 of the Swamp
 25147 | Swamp:1  | Reached skill level 14 in Necromancy
 25179 | Swamp:1  | Reached XP level 17. HP: 82/84 MP: 30/33
 25376 | Swamp:2  | Identified the +0 ring mail "Gogh" {rF+ Dex+4}
 25684 | Swamp:4  | Entered Level 4 of the Swamp
 26076 | Swamp:3  | Received a gift from Sif Muna
 26087 | Swamp:3  | Reached skill level 15 in Necromancy
 26113 | Swamp:3  | Got Sif Muna's Papyrus of Hurtful Stolen Souls {god gift}
 26163 | Swamp:3  | Identified the amulet of the Good {Regen+ Int+2}
 26296 | Swamp:3  | Noticed a tentacled monstrosity
 26310 | Swamp:3  | Killed a tentacled monstrosity
 26462 | Swamp:3  | Found a burning altar of Makhleb.
 26762 | Swamp:3  | Reached XP level 18. HP: 88/88 MP: 35/35
 26796 | Swamp:3  | Reached skill level 16 in Necromancy
 27165 | Swamp:3  | Noticed a tentacled monstrosity
 27184 | Swamp:3  | Killed a tentacled monstrosity
 27572 | Swamp:4  | Identified the +5 chain mail of the Saviour {Rampage +Blink
                  | rN+ Stlth-}
 28470 | Swamp:4  | Noticed Nikola
 28534 | Swamp:4  | Identified the amulet of Cyow {Spirit rF+ rN+ Slay+5}
 28572 | Swamp:4  | Killed Nikola
 29383 | Swamp:4  | Received a gift from Sif Muna
 29420 | Swamp:4  | Got Sif Muna's Almanac of Darkness {god gift}
 29448 | Swamp:4  | Got a decaying rune of Zot
 29476 | Swamp:4  | Learned a level 9 spell: Death's Door
 29483 | Swamp:4  | Learned a level 6 spell: Death Channel
 29659 | Spider:1 | Entered Level 1 of the Spider Nest
 29836 | Spider:1 | Reached skill level 17 in Necromancy
 30123 | Spider:1 | Reached XP level 19. HP: 92/92 MP: 37/37
 30421 | Spider:2 | You are sucked into a shaft and drop 1 floor!
 30574 | Spider:3 | Received a gift from Sif Muna
 30585 | Spider:3 | Got Yvik Haafa's Tome of Contamination and Unholy Rites
                  | {god gift}
 30687 | Spider:3 | Found a frozen archway.
 30692 | Spider:3 | Noticed Arachne
 30714 | Spider:3 | Killed Arachne
 30757 | IceCv    | Entered an ice cave
 31245 | IceCv    | Noticed an Ice Fiend
 31251 | IceCv    | Killed an Ice Fiend
 31252 | IceCv    | Reached skill level 10 in Short Blades
 31254 | IceCv    | Identified the +1 helmet "Alamohiu" {MP+9 Str+7}
 31507 | Spider:3 | Noticed Aizul
 31667 | Spider:4 | Entered Level 4 of the Spider Nest
 31730 | Spider:3 | Killed Aizul
 31857 | Spider:4 | Received a gift from Sif Muna
 31882 | Spider:4 | Reached skill level 18 in Necromancy
 33115 | D:13     | Killed Frances
 33289 | D:13     | Received a gift from Sif Muna
 33309 | D:13     | Found a gate to the Vaults.
 33318 | D:13     | Reached ****** piety under Sif Muna
 33398 | D:13     | Got Sif Muna's Handbook of Companions and Displacement {god
                  | gift}
 33422 | Vaults:1 | Entered Level 1 of the Vaults
 33807 | D:13     | Reached XP level 20. HP: 97/97 MP: 39/39
 34334 | Vaults:1 | Reached skill level 5 in Armour
 34339 | Vaults:1 | Learned a level 4 spell: Passage of Golubria
 34388 | Vaults:1 | Noticed Asterion
 34408 | Vaults:1 | Killed Asterion
 34409 | Vaults:1 | Reached skill level 1 in Translocations
 34718 | Vaults:1 | Learned a level 2 spell: Passwall
 35431 | Vaults:2 | Reached skill level 1 in Transmutations
 35431 | Vaults:2 | Reached skill level 1 in Earth Magic
 35589 | Vaults:2 | Reached skill level 5 in Translocations
 35597 | Vaults:2 | Received a gift from Sif Muna
 35610 | Vaults:2 | Learned a level 2 spell: Blink
 35927 | Vaults:2 | HP: 4/97 [ironbound frostheart (16)]
 36302 | Vaults:2 | Identified the +4 lajatang of the Saving Visionary {holy,
                  | rF+++ rCorr Int-4 Stlth-}
 36365 | Vaults:2 | Slain by a peacekeeper

Illustrated notes

Levels and vault maps discovered:
D:1:      onia_arrival_pyramid, layout_loops_cross,
          shapermc_ecumenical_altar_ellora
D:2:      minmay_spotlight, layout_basic, serial_shops, nicolae_diamond_shop,
          shop, nicolae_square_shop, shop_statue, grunt_ministairs_2,
          minmay_heptomino_l4
D:3:      layout_basic, ebering_ghost_reflecting_pool
D:4:      layout_loops_corners, serial_shops, shop, grunt_ministairs_8
D:5:      kennysheep_six_static_rooms, layout_basic, minmay_fountain_box
D:6:      layout_rooms, uniq_maggie
D:7:      layout_loops_ring, minmay_temple_entry_butterflies,
          hangedman_decor_lopped
D:8:      layout_basic, kennysheep_generic_room_6, uniq_maurice
D:9:      cheibrodos_elevator_heist, layout_gridville, lair_entry_dummy,
          minmay_splitting_lines
D:10:     layout_cave_pools, nicolae_ashenzari_skybound, david_orc_3,
          serial_shops, shop, fountainhead, bh_hangedman_babel_library
D:11:     minmay_the_grid_4x2 [minmay_the_grid_expand, minmay_the_grid_rooms,
          minmay_the_grid_tiny_cups, minmay_the_grid_minigrid_small_alt,
          minmay_the_grid_small_cups, minmay_the_grid_medium_cups,
          minmay_the_grid_spikes, minmay_the_grid_prize_four_corners],
          layout_irregular_city
D:12:     layout_roguey, uniq_fannar
D:13:     layout_basic, grunt_vaults_entry_tiered, nrook_mini_backslash,
          uniq_frances
D:14:     layout_basic, chequers_serial_rivers_large_a, hangedman_ru_absence
D:15:     gammafunk_depths_entry_grave, layout_basic, serial_ice, serial_ice_i,
          serial_ice_c, serial_ice_n, serial_ice_e, serial_bayou_shore_b
Temple:   compressed_dpeg_triangle_lava_temple
Lair:1:   layout_regular_city, nzn_ghost_randoct, infiniplex_staircase_pool_2,
          uniq_erica
Lair:2:   layout_regular_city, patterned_corridor, grunt_megastairs_4,
          lemuel_fruit_fields, infiniplex_staircase_pool, uniq_gastronok
Lair:3:   layout_cellular_growth, minmay_swamp_entry_worms,
          spider_nest_entry_funnel_web, gammafunk_ghost_split,
          nicolae_quartered_pool_super, serial_bayou_shore_b, uniq_sonja,
          uniq_snorg
Lair:4:   layout_small_grid, lemuel_fruit_tree, uniq_rupert
Lair:5:   dreamdust_isle_of_ice, layout_cave_pods,
          nicolae_slime_entry_slimehenge, grunt_megastairs_5
Lair:6:   due_jungle_book, layout_misc_corridors
Swamp:1:  layout_basic_swamp, hangedman_swamp_diagram, swamp_pool4,
          hangedman_swamp_ravenous
Swamp:2:  layout_basic_swamp, hangedman_swamp_ruin_wall
Swamp:3:  nzn_winding_woodlands_three_and_one
          [nzn_winding_woodlands_5x15_default,
          nzn_winding_woodlands_5x15_lazy_stream,
          nzn_winding_woodlands_5x15_sawtooth,
          nzn_winding_woodlands_center_garden], layout_basic_swamp,
          nicolae_swamp_godswood
Swamp:4:  swamp_icy, layout_basic_swamp, uniq_nikola
Spider:1: layout_chambers, nicolae_spider_wall_of_niches
Spider:2: layout_spider_delve, beargit_elvish_explorers
Spider:3: layout_spider_delve, portal_ice_cave_entry_ugly_swarm,
          nicolae_spider_baby_got_redback, uniq_arachne, uniq_aizul
Spider:4: guppyfry_spider_rune
Orc:1:    nicolae_orc_accident_2, layout_caves, serial_shops,
          nicolae_shop_window_shopping, shop, shop
Orc:2:    st_orc_ogre_mass, layout_caves, basic_altar
Vaults:1: v_pattern_4, nicolae_vaults_little_squares_4,
          vaults_dpeg_encased_lava, v_misc_22, vaults_dpeg_cross,
          ontoclasm_vaults_ligature, ontoclasm_vaults_hangar,
          ontoclasm_vaults_eye, layout_vaults_omnigrid, uniq_asterion
Vaults:2: nicolae_vaults_theta, nicolae_vaults_holding_cells,
          nicolae_vaults_ninety_degrees, v_alt_pattern_3, v_misc_25,
          nicolae_vaults_border_crossing, hangedman_vaults_corner,
          vaults_standard_mumra_x, vaults_room_pool, v_misc_11,
          vaults_dpeg_diagonal, vaults_dpeg_ring, nicolae_vaults_alarming,
          layout_vaults_big_room

Skill      XL: |  1  2  3  4  5  6  7  8  9 10 11 12 13 14 15 16 17 18 19 20 |
---------------+-------------------------------------------------------------+-----
Fighting       | 1 2 3 6 7 |  7.5
Stealth        | 3 5 7 |  7.0
Short Blades   | 1 2 3 4 5 6 7 8 11 12 | 12.5
Spellcasting   | 3 4 5 6 7 8 10 11 12 13 14 | 14.0
Summonings     | 5 6 8 10 11 13 | 13.0
Armour         | 1 2 4 5 |  5.0
Dodging        | 2 7 8 9 |  9.5
Evocations     | 3 4 |  4.1
Shields        | 1 4 |  4.9
Invocations    | 4 6 8 12 13 | 13.0
Air Magic      | 3 |  3.0
Necromancy     | 9 14 15 17 18 | 18.0
Translocations | 5 |  5.0
Transmutations | 2 |  2.0
Earth Magic    | 2 |  2.0

Action                   |  1- 3 |  4- 6 |  7- 9 | 10-12 | 13-15 | 16-18 | 19-21 || total
-------------------------+-------+-------+-------+-------+-------+-------+-------++-------
Melee: Unarmed           |     5 |       |       |       |       |       |       ||     5
       Club              |     8 |       |       |       |       |       |       ||     8
       Bite              |    28 |    43 |   120 |   181 |   392 |   268 |   361 ||  1393
       Dagger            |    93 |   146 |   349 |   408 |   666 |   400 |       ||  2062
       Rapier            |       |       |       |       |       |    65 |   610 ||   675
 Cast: Summon Small Mamm |    23 |       |    12 |     5 |       |       |       ||    40
       Call Canine Famil |     4 |     9 |    24 |    33 |    73 |    83 |    40 ||   266
       Summon Cactus Gia |       |       |       |    30 |   128 |   159 |    80 ||   397
       Swiftness         |       |       |       |       |     3 |     1 |     1 ||     5
       Haunt             |       |       |       |       |       |     5 |    22 ||    27
       Death Channel     |       |       |       |       |       |     2 |    17 ||    19
Invok: Channel Magic     |       |       |       |     1 |     1 |     2 |     4 ||     8
Evoke: Wand              |       |       |       |     1 |     3 |       |     3 ||     7
       Phial of floods   |       |       |       |       |       |     1 |       ||     1
  Use: Scroll            |     3 |       |     4 |    11 |     6 |    11 |     1 ||    36
       Potion            |       |       |       |       |       |     1 |     1 ||     2
 Stab: Sleeping          |     5 |     9 |     6 |     8 |    11 |    11 |     2 ||    52
       Distracted        |       |       |     3 |     3 |    16 |     6 |    18 ||    46
       Paralysed         |       |       |       |       |       |       |     2 ||     2
       Held in net/web   |       |       |       |       |       |       |     1 ||     1
Armor: Robe              |    29 |    19 |     4 |       |       |       |       ||    52
       Leather armour    |       |       |   111 |   113 |   139 |    66 |   149 ||   578
       Ring mail         |       |       |     6 |       |       |       |       ||     6
Dodge: Dodged            |    71 |    56 |   197 |   222 |   461 |   334 |   568 ||  1909
       Repelled          |       |       |       |       |       |     3 |     2 ||     5
Block: Buckler           |       |       |    13 |   128 |   215 |   122 |   221 ||   699

Table legend: (Time is in decaauts)
 A = Elapsed time spent in this place.
 B = Non-inter-level travel time spent in this place.
 C = Inter-level travel time spent in this place.
 D = Time resting spent in this place.
 E = Time spent auto-exploring this place.
 F = Levels seen in this place.
 G = Mean time per level.
                   A        B        C        D        E       F      G
               +--------+--------+--------+--------+--------+-----+--------+
         Total |  35600 |  32837 |   2763 |   2254 |  19541 |  35 | 1017.1 |
       Dungeon |  15119 |  13784 |   1335 |    338 |   9578 |  15 | 1007.9 |
        Temple |     39 |     30 |      9 |      0 |     22 |   1 |   39.0 |
          Lair |   8215 |   7530 |    685 |    411 |   4468 |   6 | 1369.2 |
         Swamp |   4729 |   4562 |    167 |    526 |   2212 |   4 | 1182.2 |
   Spider Nest |   2468 |   2180 |    288 |    438 |    782 |   4 |  617.0 |
  Orcish Mines |   1808 |   1747 |     61 |     35 |   1165 |   2 |  904.0 |
        Vaults |   2597 |   2381 |    216 |    234 |   1311 |   2 | 1298.5 |
      Ice Cave |    621 |    621 |      0 |    272 |      3 |   1 |  621.0 |
               +--------+--------+--------+--------+--------+-----+--------+

Top non-repeatable levels by time:
  Lair:5: 2284 daAuts
 Swamp:4: 2168 daAuts
  Lair:6: 1673 daAuts
Vaults:1: 1650 daAuts
 Swamp:3: 1641 daAuts
     D:2: 1584 daAuts
  Lair:1: 1339 daAuts
  Lair:3: 1331 daAuts
Spider:3: 1323 daAuts
    D:13: 1319 daAuts
     D:8: 1301 daAuts
    D:14: 1236 daAuts
     D:1: 1229 daAuts
  Lair:2: 1215 daAuts
    D:11: 1192 daAuts
